 Dungeon Crawl Stone Soup version 0.30-a0-557-ge2afbf3030 (webtiles) character file.

Game seed: 12682748775190032151

575 Newt the Skirmisher (level 7, -2/44 HPs)
             Began as a Kobold Hunter on Dec 27, 2022.
             Slain by a gnoll
             ... wielding a +0 spear
             ... led by a gnoll bouda
              (5 damage)
             ... on level 4 of the Dungeon.
             The game lasted 00:03:11 (3307 turns).

Newt the Skirmisher (Kobold Hunter)                 Turns: 3307, Time: 00:03:12

Health: -2/44      AC:  4    Str:  8    XL:     7   Next: 61%
Magic:  7/7        EV: 17    Int: 11    God:
Gold:   79         SH:  0    Dex: 20    Spells: 6/6 levels left

rFire   . . .      SeeInvis .    a - +1 shortbow
rCold   . . .      Faith    .    (shield currently unavailable)
rNeg    . . .      Spirit   .    c - +0 leather armour
rPois   .          Reflect  .    (no helmet)
rElec   .          Harm     .    (no cloak)
rCorr   .          Rampage  .    (no gloves)
Will    .....                    j - +0 pair of boots
Stlth   +++                      (no amulet)
HPRegen 0.27/turn                (no ring)
MPRegen 0.10/turn                (no ring)

@: no status effects
A: small, no large weapons, nightstalker 3
a: no special abilities


You were on level 4 of the Dungeon.
You visited 1 branch of the dungeon, and saw 4 of its levels.

You collected 174 gold pieces.
You spent 95 gold pieces at shops.

Inventory:

Hand Weapons
 a - a +1 shortbow (weapon)
Armour
 c - a +0 leather armour (worn)
 j - a +0 pair of boots (worn)
Jewellery
 k - a ring of willpower
Scrolls
 b - 2 scrolls of immolation
Potions
 f - a potion of flight
 i - a potion of attraction
 m - 2 potions of might


   Skills:
 - Level 5.0 Fighting
 - Level 8.0 Ranged Weapons
 + Level 5.9 Dodging
 - Level 1.3 Stealth


You had 6 spell levels left.
You didn't know any spells.
Your spell library contained the following spells:

 Spells                   Type           Power      Damage    Failure   Level
 Kiss of Death            Conj/Necr      0%         2d5       45%         1
 Poisonous Vapours        Pois/Air       0%         N/A       61%         2
 Sublimation of Blood     Necr           0%         N/A       61%         2
 Confusing Touch          Hex            0%         N/A       83%         3
 Dispel Undead            Necr           0%         3d6       99%         4
 Death's Door             Necr           0%         N/A       100%        9


Dungeon Overview and Level Annotations

Branches:
Dungeon (4/15)
 Temple: D:4-7

Altars:

Shops:
D:2 ?   D:3 [


Innate Abilities, Weirdness & Mutations

You are small and have problems with some larger weapons.
You are completely attuned to the shadows.


Message History

Your adder bites the gnoll.
The gnoll hits your adder with a +0 halberd!
Your adder completely misses the gnoll.
The gnoll hits your adder with a +0 halberd!
Your adder dies!
Your adder's corpse dissolves into shadows!
Your dart slug bites the gnoll but does no damage.
The gnoll hits your dart slug with a +0 halberd.
Your dart slug launches a dart at the gnoll.
The slug dart misses the gnoll.
The gnoll hits your dart slug with a +0 halberd.
The gnoll hits your dart slug with a +0 halberd!
Your dart slug dies!
Your dart slug's corpse dissolves into shadows!
Fire: a) +1 shortbow
Press: ? - help, Shift-Dir - straight line, f - gnoll
Aim: a gnoll, wielding a +0 halberd (almost dead, poisoned, 72% to hit)
You shoot an arrow. The arrow hits the gnoll.
The gnoll is almost dead.
The gnoll dies!
Fire: a) +1 shortbow
Press: ? - help, Shift-Dir - straight line, f - gnoll
Aim: a gnoll, wielding a +0 club (72% to hit)
You shoot an arrow. The arrow hits the gnoll.
The gnoll is lightly wounded.
Fire: a) +1 shortbow
Press: ? - help, Shift-Dir - straight line, f/p - gnoll
Aim: a gnoll, wielding a +0 club (lightly wounded, 72% to hit)
You shoot an arrow. The arrow hits the gnoll.
The gnoll is heavily wounded.
The gnoll attacks as you move away! The gnoll closely misses you.
The gnoll attacks as you move away! The gnoll misses you.
The gnoll attacks as you move away! The gnoll hits you with a +0 club.
* * * LOW HITPOINT WARNING * * *
The gnoll attacks as you move away! The gnoll hits you with a +0 club.
* * * LOW HITPOINT WARNING * * *
The gnoll hits you from afar with a +0 spear.
* * * LOW HITPOINT WARNING * * *
The gnoll hits you from afar with a +0 spear.
You die...

..# ..# #..# #########).#
#.....g).>.#######
#.g######......... #≈##.#
#.@...... #≈#..# ##g.g.....
.~.#.######.g.#.....
.~..............####
.~.#.#########################
#≈##.# #..# #............. #≈
#.# #..####............ ##.#
####.#.#.............
#..#####...#.#.........⌠...^


You could see 3 gnolls.

Vanquished Creatures
  A black bear (D:4)
  A phantom (D:4)
  2 scorpions
  A gnoll bouda (D:4)
  Jessica (D:2)
  An iguana (D:4)
  Natasha (twice) (D:2)
  4 adders
  3 gnolls (D:4)
  4 worms
  A dart slug (D:1)
  5 orcs (D:3)
  7 bats
  8 endoplasms
  2 giant cockroaches
  8 goblins
  7 hobgoblins
  3 quokkas
  7 ball pythons
  5 frilled lizards
  6 kobolds
  7 rats
86 creatures vanquished.

Vanquished Creatures (collateral kills)
  A gnoll (D:4)
  A worm (D:2)
2 creatures vanquished.

Grand Total: 88 creatures vanquished

Notes
Turn   | Place    | Note
-------+----------+-------------------------------------------
     0 | D:1      | Newt the Kobold Hunter began the quest for the Orb.
     0 | D:1      | Reached XP level 1. HP: 12/12 MP: 1/1
    96 | D:1      | Reached XP level 2. HP: 17/17 MP: 2/2
   114 | D:1      | Reached skill level 6 in Ranged Weapons
   269 | D:1      | Got the Compilation of Blight and Despicable Arts
   461 | D:1      | Reached XP level 3. HP: 21/21 MP: 3/3
   788 | D:2      | Noticed Natasha
   791 | D:2      | Killed Natasha
   792 | D:2      | Reached skill level 7 in Ranged Weapons
   792 | D:2      | Reached XP level 4. HP: 26/26 MP: 4/4
   809 | D:2      | Noticed Jessica
   813 | D:2      | Killed Jessica
  1223 | D:2      | Reached XP level 5. HP: 30/30 MP: 5/5
  1300 | D:2      | Noticed Natasha
  1302 | D:2      | Killed Natasha
  1303 | D:2      | Reached skill level 8 in Ranged Weapons
  1510 | D:2      | Found Wujow's Magic Scroll Boutique.
  1515 | D:2      | Bought a scroll of enchant weapon for 75 gold pieces
  1515 | D:2      | Bought a scroll of identify for 20 gold pieces
  1726 | D:3      | Reached XP level 6. HP: 18/38 MP: 6/6
  1868 | D:3      | Found a faded altar of an unknown god.
  2435 | D:3      | Found Goisko's Antique Armour Emporium.
  2610 | D:4      | Reached skill level 5 in Fighting
  2667 | D:4      | Noticed a black bear
  2673 | D:4      | Reached XP level 7. HP: 44/44 MP: 7/7
  2685 | D:4      | Reached skill level 5 in Dodging
  3276 | D:4      | HP: 2/44 [gnoll/+0 halberd (8)]
  3307 | D:4      | Slain by a gnoll

Illustrated notes

Levels and vault maps discovered:
D:1:      grunt_arrival_crossed_arrows, layout_loops_ring
D:2:      layout_basic, serial_shops, shop, uniq_natasha, uniq_jessica
D:3:      layout_basic, serial_shops, nicolae_diamond_shop,
          basic_ecumenical_altar
D:4:      gammafunk_cloud_chamber, layout_loops_ring, serial_rivers,
          chequers_serial_rivers_micro_b, chequers_serial_rivers_small_b,
          chequers_serial_rivers_large_a, chequers_serial_rivers_micro_a,
          chequers_serial_rivers_small_b, nrook_loot_triangle,
          wad_rectangle_vault, uniq_sigmund

Skill      XL: |  1  2  3  4  5  6  7 |
---------------+----------------------+-----
Ranged Weapons | 6 7 8 |  8.0
Fighting       | 4 5 |  5.0
Dodging        | 4 5 |  5.9
Stealth        | |  1.3

Action                   |  1- 3 |  4- 6 |  7- 9 || total
-------------------------+-------+-------+-------++-------
 Fire: Shortbow          |    71 |   141 |    31 ||   243
  Use: Scroll            |       |    11 |     1 ||    12
       Potion            |       |     1 |     1 ||     2
Armor: Leather armour    |     5 |    19 |     6 ||    30
Dodge: Dodged            |    16 |    51 |    29 ||    96

Table legend: (Time is in decaauts)
 A = Elapsed time spent in this place.
 B = Non-inter-level travel time spent in this place.
 C = Inter-level travel time spent in this place.
 D = Time resting spent in this place.
 E = Time spent auto-exploring this place.
 F = Levels seen in this place.
 G = Mean time per level.
                   A        B        C        D        E       F      G
               +--------+--------+--------+--------+--------+-----+--------+
         Total |   3351 |   3264 |     87 |    818 |   1994 |   4 |  837.8 |
       Dungeon |   3351 |   3264 |     87 |    818 |   1994 |   4 |  837.8 |
               +--------+--------+--------+--------+--------+-----+--------+

Top non-repeatable levels by time:
     D:3: 982 daAuts
     D:2: 844 daAuts
     D:4: 781 daAuts
     D:1: 742 daAuts
